 Dungeon Crawl Stone Soup version 0.25-a0-435-g4b9beb1024 (webtiles) character file.

Game seed: 4882678392212087210, levelgen mode: deterministic

6228 kae the Grappler (level 10, -3/83 HPs)
             Began as a Ghoul Fighter on Jan 29, 2020.
             Was a Priest of Makhleb.
             Killed by divine providence
             ... invoked by an orc priest
              (13 damage)
             ... on level 9 of the Dungeon.
             The game lasted 00:10:25 (8112 turns).

kae the Grappler (Ghoul Fighter)                    Turns: 8112, Time: 00:10:25

Health: -3/83      AC: 17    Str: 21    XL:     10   Next: 92%
Magic:  7/7        EV:  7    Int:  5    God:    Makhleb [***...]
Gold:   534        SH:  8    Dex:  9    Spells: 9/9 levels left

rFire    . . .     SeeInvis +     - Unarmed
rCold    + . .     Gourm    .   b - +0 shield
rNeg     + + +     Faith    .   a - +0 scale mail
rPois    ∞         Spirit   .   q - +1 helmet
rElec    +         Reflect  .   p - +2 cloak
rCorr    .         Harm     .   (no gloves)
MR       .....                  (no boots)
Stlth    ..........             (no amulet)
HPRegen  0.00/turn              t - +5 ring of protection
MPRegen  0.10/turn              k - ring "Exumic" {rElec rPois rN+++ MP-9 SInv}

@: rotting
A: rotting body, claws 1, carnivore, cold resistance 1, negative energy
resistance 3, inhibited regeneration, torment resistance, unbreathing
a: Minor Destruction, Lesser Servant of Makhleb, Renounce Religion


You were on level 9 of the Dungeon.
You worshipped Makhleb.
Makhleb was most pleased with you.
You were not hungry.

You visited 1 branch of the dungeon, and saw 9 of its levels.

You collected 631 gold pieces.
You spent 97 gold pieces at shops.

Inventory:

Hand Weapons
 B - the cursed +2 quarterstaff of Twilight {freeze, rN+, unknown}
   (You found it on level 7 of the Dungeon)

   It has been specially enchanted to freeze those struck by it, causing extra
   injury to most foes and up to half again as much damage against particularly
   susceptible opponents.
   It can also slow down cold-blooded creatures.
   It protects you from negative energy.
   It has a curse placed upon it.
Armour
 a - a +0 scale mail (worn)
 b - a +0 shield (worn)
 p - a +2 cloak (worn)
 q - a +1 helmet (worn)
Jewellery
 g - the ring "Loefakott" {rPois rC+ Str+2 Stlth+, unknown}
   (You found it on level 8 of the Dungeon)

   [ring of protection from cold]

   It affects your strength (+2).
   It protects you from cold.
   It protects you from poison.
   It makes you more stealthy.
 k - the ring "Exumic" (right claw) {rElec rPois rN+++ MP-9 SInv}
   (You found it on level 4 of the Dungeon)

   [ring of poison resistance]

   It insulates you from electricity.
   It protects you from poison.
   It renders you almost immune to negative energy.
   It affects your magic capacity (-9).
   It lets you see invisible.
 t - a +5 ring of protection (left claw)
 D - an uncursed ring of resist corrosion {unknown}
Wands
 v - a wand of acid (11)
 x - a wand of iceblast (17)
 y - a wand of flame (27)
 z - a wand of digging (14)
Scrolls
 e - 3 scrolls of enchant weapon
 h - a scroll of fog
 i - 2 scrolls of amnesia
 j - 3 scrolls of remove curse
 m - 4 scrolls of enchant armour
 r - a scroll of magic mapping
 s - a scroll of teleportation
 C - a scroll of identify
 E - a scroll of fear {unknown}
Potions
 c - 2 potions of might
 f - 3 potions of curing
 l - 4 potions of haste
 n - 3 potions of berserk rage
 o - 2 potions of agility
 u - a potion of invisibility {unknown}
 w - a potion of brilliance {unknown}
Comestibles
 d - 15 rations


   Skills:
 + Level 6.0 Fighting
 + Level 5.0 Armour
 - Level 2.6 Shields
 - Level 12.5 Unarmed Combat
 - Level 10.0 Invocations


You had 9 spell levels left.
You didn't know any spells.
Your spell library was empty.

Dungeon Overview and Level Annotations

Branches:
Dungeon (9/15)             Temple (0/1) D:5            Lair (0/6) D:8
    Orc: D:9-12

Altars:
Cheibriados
Fedhas
Gozag
Makhleb
Qazlal
Ru
Uskayaw
Vehumet
Wu Jian
Yredelemnul
The Shining One

Shops:
D:4 !}[[!

Annotations:
D:5 1 runed translucent door
D:8 2 transporters, 1 runed translucent door, emiel's ghost, novice DsFE


Innate Abilities, Weirdness & Mutations

Your body is rotting away.
You thrive on raw meat.
You are immune to poison.
You have sharp fingernails.
You are carnivorous and can eat meat at any time.
Your flesh is cold resistant. (rC+)
You are immune to negative energy. (rN+++)
You do not regenerate when monsters are visible.
You are immune to unholy pain and torment.
You can survive without breathing.


Message History

You claw the worker ant!
You kill the worker ant!
Makhleb accepts your kill.
You feel better. The ogre barely misses you.
You claw the warg!
The warg is heavily wounded.
You block the warg's attack. The ogre hits you but does no damage.
The orc priest invokes the aid of Beogh against you.
Beogh smites you!
* * * LOW HITPOINT WARNING * * *
You closely miss the warg.
The warg is heavily wounded.
The warg bites you!
* * * LOW HITPOINT WARNING * * *
You block the orc's attack. The warg completely misses you.
Okay, then.
The orc priest looks satisfied for a moment.
The orc priest invokes the aid of Beogh against you.
Beogh smites you!
You die...

##### #...# #...#########
.####............#######
......>....#...........##
......oOo....# #.##.....## .
......o..@...###.#.......# ...
####o#h###..............#
..[.O###.###.##...##..........
..aoo.ho## ##h....#.........#.
......##g###.##...#...........
...o.####)#a####.##..........#
.o..W.a..oWhh...............#.
o...o###########...........#.#
.. #....#...##..##


You could see a warg, an ogre, 2 orc priests and 2 orcs.

Vanquished Creatures
  An unseen horror (D:7)
  Psyche (D:9)
  A merfolk (D:9)
  A troll (D:8)
  Prince Ribbit (D:9)
  2 hippogriffs
  A wyvern (D:7)
  Grum (D:9)
  A black bear (D:7)
  An ice beast (D:5)
  2 phantoms
  2 orc warriors
  A sky beast (D:8)
  2 ogres
  4 wolves
  2 necrophages
  4 centaurs
  A big kobold (D:9)
  2 bullfrogs (D:9)
  A gnoll sergeant (D:8)
  4 scorpions
  3 killer bees (D:8)
  3 howler monkeys
  4 electric eels (D:8)
  3 crimson imps
  A human zombie (D:5)
  2 bullfrog zombies
  10 hounds
  An iron imp (D:8)
  A centaur skeleton (D:9)
  2 jellies
  3 orc priests
  2 bullfrog skeletons
  Ijyb (D:5)
  4 iguanas
  Natasha (thrice) (D:2)
  6 orc wizards
  4 worker ants
  2 hound zombies
  A hound skeleton (D:5)
  A worker ant zombie (D:6)
  9 gnolls
  12 adders
  2 howler monkey skeletons
  A shadow imp (D:6)
  4 oozes
  2 adder skeletons
  2 adder zombies
  3 dart slugs
  3 leopard geckos
  37 orcs
  4 ball pythons
  7 bats
  7 giant cockroaches
  8 hobgoblins
  6 quokkas
  4 frilled lizards
  6 goblins
  7 kobolds
  A leopard gecko skeleton (D:4)
  14 rats
  A bush (D:8)
233 creatures vanquished.

Notes
Turn   | Place    | Note
-------+----------+-------------------------------------------
     0 | D:1      | kae the Ghoul Fighter began the quest for the Orb.
     0 | D:1      | Reached XP level 1. HP: 19/19 MP: 0/0
   484 | D:1      | Reached XP level 2. HP: 25/25 MP: 1/1
   485 | D:1      | Reached skill level 3 in Unarmed Combat
  1220 | D:2      | Found an opulent altar of Gozag.
  1220 | D:2      | Found an ornate altar of the Wu Jian Council.
  1226 | D:2      | Reached XP level 3. HP: 29/31 MP: 2/2
  1354 | D:2      | Noticed Natasha
  1361 | D:2      | Killed Natasha
  1361 | D:2      | Reached skill level 4 in Unarmed Combat
  1443 | D:2      | Reached XP level 4. HP: 32/38 MP: 3/3
  1498 | D:2      | Noticed Natasha
  1508 | D:2      | Killed Natasha
  1508 | D:2      | Reached skill level 5 in Unarmed Combat
  1728 | D:2      | Noticed Natasha
  1744 | D:2      | Killed Natasha
  1810 | D:2      | Found an opulent altar of Gozag.
  1810 | D:2      | Found an ornate altar of the Wu Jian Council.
  2046 | D:3      | Reached XP level 5. HP: 45/45 MP: 4/4
  2094 | D:3      | Reached skill level 6 in Unarmed Combat
  2527 | D:3      | Reached XP level 6. HP: 51/51 MP: 5/5
  2682 | D:4      | Got a clouded lead ring
  2706 | D:4      | Identified the ring "Exumic" {rElec rPois rN+++ MP-9 SInv}
                  | (You found it on level 4 of the Dungeon)
  2764 | D:4      | Reached skill level 7 in Unarmed Combat
  2788 | D:4      | Found Noxtoffo's Distillery.
  2794 | D:4      | Bought a potion of agility for 48 gold pieces
  2794 | D:4      | Bought a potion of curing for 36 gold pieces
  2816 | D:4      | Noticed a phantom
  2842 | D:4      | Killed a phantom
  2988 | D:4      | Found Xeupow's Armour Shop.
  3028 | D:4      | Reached skill level 8 in Unarmed Combat
  3028 | D:4      | Reached XP level 7. HP: 52/57 MP: 0/6
  3039 | D:4      | Found Vaimuvvuag's Gadget Shoppe.
  3151 | D:4      | Found Fanemailuw's Distillery.
  3154 | D:4      | Bought a potion of degeneration for 13 gold pieces
  3215 | D:4      | Found Hoapn's Antique Armour Shop.
  3626 | D:5      | Entered Level 5 of the Dungeon
  3663 | D:5      | Found a burning altar of Makhleb.
  3664 | D:5      | Found a radiant altar of Vehumet.
  3676 | D:5      | Became a worshipper of Makhleb the Destroyer
  3690 | D:5      | Reached skill level 9 in Unarmed Combat
  3747 | D:5      | Found a staircase to the Ecumenical Temple.
  3806 | D:5      | Reached skill level 1 in Invocations
  3927 | D:5      | Found a runed translucent door.
  3927 | D:5      | Noticed a human
  3936 | D:5      | Found a basalt altar of Yredelemnul.
  3938 | D:5      | Noticed Ijyb
  3947 | D:5      | Killed Ijyb
  3956 | D:5      | Reached XP level 8. HP: 52/63 MP: 0/8
  4015 | D:5      | Found a stormy altar of Qazlal.
  4018 | D:5      | Noticed an air elemental
  4018 | D:5      | Noticed a water elemental
  4368 | D:6      | Reached skill level 10 in Unarmed Combat
  4492 | D:6      | Reached * piety under Makhleb
  5118 | D:7      | Got a slimy quarterstaff
  5128 | D:7      | Noticed a wyvern
  5137 | D:7      | Killed a wyvern
  5137 | D:7      | Reached skill level 11 in Unarmed Combat
  5438 | D:7      | Reached XP level 9. HP: 70/70 MP: 2/11
  5474 | D:7      | Reached skill level 5 in Invocations
  5509 | D:7      | Found a hide-covered altar of Uskayaw.
  5651 | D:7      | Reached ** piety under Makhleb
  5955 | D:7      | Noticed an unseen horror
  5976 | D:7      | Killed an unseen horror
  5976 | D:7      | Reached skill level 12 in Unarmed Combat
  6090 | D:8      | Found a sacrificial altar of Ru.
  6150 | D:8      | Found a blossoming altar of Fedhas.
  6202 | D:8      | Reached XP level 10. HP: 67/77 MP: 4/15
  6232 | D:8      | Found a staircase to the Lair.
  6852 | D:8      | Found a snail-covered altar of Cheibriados.
  6859 | D:8      | Reached skill level 10 in Invocations
  6996 | D:8      | Got a brightly glowing copper ring
  7070 | D:8      | Found a basalt altar of Yredelemnul.
  7253 | D:8      | Reached *** piety under Makhleb
  7276 | D:8      | Found a transporter.
  7276 | D:8      | Found a transporter.
  7282 | D:8      | Noticed a cyclops
  7291 | D:8      | Found a glowing golden altar of the Shining One.
  7412 | D:8      | Found a runed translucent door.
  7412 | D:8      | Noticed an unseen horror
  7415 | D:8      | Noticed emiel's ghost (novice DsFE)
  7601 | D:9      | Noticed Prince Ribbit
  7625 | D:9      | Killed Prince Ribbit
  7749 | D:9      | Noticed Psyche
  7765 | D:9      | Killed Psyche
  7765 | D:9      | Reached skill level 5 in Fighting
  8063 | D:9      | Noticed Grum
  8094 | D:9      | Killed Grum
  8102 | D:9      | Reached skill level 5 in Armour
  8112 | D:9      | Killed from afar by an orc priest

Levels and vault maps discovered:
D:1:      ncdulo_wetmaze, layout_basic, minmay_tiny_reverse_x
D:2:      layout_basic, gammafunk_temple_overflow_pools, first_ration,
          uniq_natasha
D:3:      layout_rooms, minmay_increasing_density
D:4:      layout_basic, serial_shops, shop_statue, shop_statue, kennysheep_mini,
          nicolae_shop_stone, shop
D:5:      layout_loops_ring, grunt_temple_overflow_lords_of_destruction,
          nicolae_qazlal_style_of_elements, minmay_temple_entry_glass,
          dk_yredelemnul_ordeal, uniq_ijyb
D:6:      layout_gridville
D:7:      layout_loops_corners, lemuel_round_altar
D:8:      layout_cave_pods, nicolae_overflow_crystal_walls,
          gammafunk_temple_overflow_arena, nicolae_ru_awakened_eye,
          slow_altar_1, erik_lair_island, ebering_ghost_inner_flame,
          fedhas_bush_and_centaur_altar
D:9:      layout_loops_ring, grunt_temple_overflow_open, david_orc_3,
          hangedman_fish_farm, uniq_psyche, uniq_grum, uniq_prince_ribbit1

Skill      XL: |  1  2  3  4  5  6  7  8  9 10 |
---------------+-------------------------------+-----
Unarmed Combat | 3 4 5 6 8 9 11 12 | 12.5
Invocations    | 2 4 8 10 | 10.0
Armour         | 5 |  5.0
Fighting       | 6 |  6.0
Shields        | |  2.6

Action                   |  1- 3 |  4- 6 |  7- 9 | 10-12 || total
-------------------------+-------+-------+-------+-------++-------
Melee: Unarmed           |   105 |   191 |   429 |   265 ||   990
  Use: Scroll            |       |    11 |     4 |     1 ||    16
       Potion            |       |       |       |     2 ||     2
 Stab: Distracted        |       |     1 |       |       ||     1
  Eat: Chunk             |     8 |     6 |    25 |    29 ||    68
Armor: Scale mail        |    37 |    92 |   149 |   202 ||   480
Dodge: Dodged            |    22 |    44 |   105 |   102 ||   273
Block: Shield            |    39 |    77 |   162 |   134 ||   412

Table legend:
 A = Non-vault XP
 B = Vault XP
 C = Vault XP percentage of total XP
 D = Non-vault monster count
 E = Vault monster count
 F = Vault count percentage of total count
                 A         B        C        D         E       F
            +---------+---------+-------+---------+---------+-------
      Total |    6332 |    2566 |  28.8 |     203 |      29 |  12.5
            +---------+---------+-------+---------+---------+-------
        D:1 |      26 |       4 |  13.3 |      17 |       2 |  10.5
        D:2 |      91 |      36 |  28.3 |      12 |       1 |   7.7
        D:3 |     138 |      37 |  21.1 |      30 |       7 |  18.9
        D:4 |     522 |       0 |   0.0 |      31 |       0 |   0.0
        D:5 |     484 |     134 |  21.7 |      14 |       3 |  17.6
        D:6 |     558 |       0 |   0.0 |      23 |       0 |   0.0
        D:7 |    2000 |       0 |   0.0 |      24 |       0 |   0.0
        D:8 |    1896 |    1000 |  34.5 |      37 |      11 |  22.9
        D:9 |     617 |    1355 |  68.7 |      15 |       5 |  25.0
            +---------+---------+-------+---------+---------+-------
